 Dungeon Crawl Stone Soup version 0.20.0-15-g7f486f2 (webtiles) character file.

245 renl the Cudgeler (level 5, 0/41 HPs)
             Began as a Draconian Skald on June 22, 2017.
             Slain by an iguana (13 damage)
             ... on level 3 of the Dungeon.
             The game lasted 00:19:31 (2287 turns).

renl the Cudgeler (Draconian Skald)                 Turns: 2287, Time: 00:19:32

Health: 0/41       AC:  6    Str: 13    XL:     5   Next: 84%
Magic:  15/18      EV: 12    Int: 15    God:
Gold:   149        SH:  4    Dex: 10    Spells: 4/9 levels left

rFire    x . .     SeeInvis .   y - +0 flail
rCold    + . .     Gourm    .   (no shield)
rNeg     . . .     Faith    .   (armour unavailable)
rPois    .         Spirit   .   (helmet restricted)
rElec    .         Reflect  +   h - scarf {cloud immunity}
rCorr    .         Harm     .   n - +0 pair of gloves
MR       .....                  (no boots)
Stlth    +.........             d - +4 amulet of reflection (curse)
Regen    0.2/turn               m - ring of ice
MPRegen  0.2/turn               w - ring of magical power

@: infused (expiring)
A: unfitting armour, cold-blooded, AC +5
a: no special abilities


You were on level 3 of the Dungeon.
You were not hungry.

You visited 1 branch of the dungeon, and saw 4 of its levels.

You collected 149 gold pieces.

Inventory:

Hand Weapons
 p - a +0 war axe
 y - a +0 flail (weapon)
Missiles
 k - 5 tomahawks (quivered)
 r - 2 throwing nets
Armour
 h - a scarf of cloud immunity (worn)
 n - a +0 pair of gloves (worn)
Jewellery
 d - a cursed +4 amulet of reflection (around neck)
 m - a ring of ice (left hand)
 w - a ring of magical power (right hand)
Scrolls
 g - 2 scrolls of remove curse {unknown}
 i - a scroll of magic mapping {unknown}
 q - a scroll of random uselessness {unknown}
 u - a scroll of amnesia {unknown}
Potions
 e - 5 potions of curing
 j - 2 potions of flight {unknown}
 o - a potion of lignification {unknown}
 s - a potion of mutation {unknown}
 x - a potion of degeneration {unknown}
Books
 b - a book of Battle

   Spells                             Type                      Level
   a - Infusion                       Charms                       1
   b - Shroud of Golubria             Charms/Translocation         2
   c - Song of Slaying                Charms                       2
   d - Spectral Weapon                Hexes/Charms                 3
   e - Regeneration                   Charms/Necromancy            3
Comestibles
 a - a chunk of flesh
 c - 2 bread rations
 f - 2 fruits
 l - 2 royal jellies
 v - a meat ration


   Skills:
 + Level 2.2 Fighting
 * Level 4.5 Maces & Flails
 + Level 2.9 Dodging
 + Level 2.8 Spellcasting
 + Level 3.4 Charms
 + Level 0.6 Translocations


You had 4 spell levels left.
You knew the following spells:

 Your Spells              Type           Power        Failure   Level  Hunger
a - Infusion              Chrm           ##..         4%          1    #......
b - Song of Slaying       Chrm           ##......     8%          2    ##.....
c - Shroud of Golubria    Chrm/Tloc      #.........   13%         2    ##.....


Dungeon Overview and Level Annotations

Branches:
Dungeon (4/15)
 Temple: D:4-7

Altars:
Ru


Innate Abilities, Weirdness & Mutations

Your plain brown scales are hard. (AC +5)
You cannot fit into any form of body armour.
You are cold-blooded and may be slowed by cold attacks.


Message History

You kill the gnoll shaman!
Casting: Infusion
Confirm with . or Enter, or press ? or * to list all spells.
Space distorts slightly along a thin shroud covering your body.
Things that are here:
a club; a robe; a +0 mace
There is a stone staircase leading down here.
You climb downwards.
You hear the sound of rushing water.
There is an entrance to a sewer on this level.
Hurry and find it before the portal rusts away!
The orc closely misses you. The iguana bites you!
* * * LOW HITPOINT WARNING * * *
Your shroud falls apart!
There is a stone staircase leading up, spattered with blood here.
The orc closely misses you. The iguana barely misses you.
You climb upwards.
Your magical infusion is running out.
There is a stone staircase leading down here.
The iguana bites you!
You die...

#..#....# ####.# #.#
##....##.# #....#
#.#
.#.#####.####....#
#.# ...#
##.#.[.....### #.#
#######.#..>.......#
#.#
.).....###.........#
#.#
.######............#
#.# .#
##.###.##..l######.#
.####.##
##.#.o.@......#
......#
#.#...########
.####.## ##.#####
.#####.###.##
..........##
[..######## ...#
####


You could see an iguana and an orc.

Vanquished Creatures
  A gnoll shaman (D:3)
  An orc wizard (D:4)
  An iguana (D:4)
  Natasha (D:3)
  A worker ant (D:3)
  2 adders
  3 gnolls
  2 worms
  A dart slug (D:1)
  5 orcs
  7 bats
  6 giant cockroaches
  6 goblins
  4 hobgoblins
  2 quokkas
  A ball python (D:3)
  8 frilled lizards
  2 kobolds
  3 rats (D:1)
57 creatures vanquished.

Vanquished Creatures (others)
  7 toadstools (D:4)
7 creatures vanquished.

Grand Total: 64 creatures vanquished

Notes
Turn   | Place    | Note
-------+----------+-------------------------------------------
     0 | D:1      | renl the Draconian Skald began the quest for the Orb.
     0 | D:1      | Reached XP level 1. HP: 17/17 MP: 3/3
    96 | D:1      | Reached XP level 2. HP: 24/24 MP: 5/5
   220 | D:1      | Learned a level 2 spell: Song of Slaying
   808 | D:2      | Reached XP level 3. HP: 29/29 MP: 3/6
  1219 | D:3      | Reached skill level 3 in Maces & Flails
  1349 | D:3      | Learned a level 2 spell: Shroud of Golubria
  1437 | D:3      | Noticed Natasha
  1446 | D:3      | HP: 1/29 [Natasha (6)]
  1638 | D:3      | Found a faded altar of an unknown god.
  1812 | D:3      | Killed Natasha
  1812 | D:3      | Reached XP level 4. HP: 35/36 MP: 2/7
  1990 | D:4      | Found a sacrificial altar of Ru.
  2006 | D:4      | Reached XP level 5. HP: 14/41 MP: 2/9
  2133 | D:4      | Reached skill level 4 in Maces & Flails
  2287 | D:3      | Slain by an iguana

Skill      XL: |  1  2  3  4  5 |
---------------+----------------+-----
Charms         | 3 |  3.4
Maces & Flails | 3 4 |  4.5
Fighting       | |  2.2
Dodging        | |  2.9
Spellcasting   | |  2.8
Translocations | |  0.6

Action                   |  1- 3 |  4- 6 || total
-------------------------+-------+-------++-------
Melee: Mace              |   135 |    63 ||   198
       Tailslap          |    12 |     7 ||    19
       Flail             |       |     4 ||     4
Throw: Tomahawk          |     5 |       ||     5
 Cast: Infusion          |    11 |     8 ||    19
       Shroud of Golubri |     2 |     7 ||     9
       Song of Slaying   |       |     2 ||     2
  Use: Potion            |     1 |       ||     1
  Eat: Chunk             |     3 |     3 ||     6
Armor: Skin              |    49 |    17 ||    66
Dodge: Dodged            |    90 |    50 ||   140
Block: Other             |    24 |     9 ||    33
